 Dungeon Crawl Stone Soup version 0.27-a0-1378-gdefffd1ff6 (webtiles) character file.

Game seed: 13097171722263503722

1046 funkygono the Firebug (level 8, -5/43 HPs)
             Began as a Gargoyle Fire Elementalist on June 29, 2021.
             Was an Initiate of Vehumet.
             Slain by a troll (6 damage)
             ... on level 5 of the Dungeon.
             The game lasted 00:10:50 (6422 turns).

funkygono the Firebug (Gargoyle Fire Elementalist)  Turns: 6422, Time: 00:10:51

Health: -5/43      AC:  9    Str: 12    XL:     8   Next: 25%
Magic:  4/15       EV: 12    Int: 18    God:    Vehumet [......]
Gold:   256        SH:  0    Dex: 10    Spells: 5/16 levels left

rFire    + . .     SeeInvis .   e - +2 mace
rCold    . . .     Faith    .   (no shield)
rNeg     + + .     Spirit   .   m - +1 robe of the Skies Above {rN+}
rPois    ∞         Reflect  .   (no helmet)
rElec    +         Harm     .   (no cloak)
rCorr    .         Rampage  .   (no gloves)
Will     .....                  n - +0 pair of boots
Stlth    ++........             (no amulet)
HPRegen  0.14/turn              i - ring of protection from fire
MPRegen  0.14/turn              (no ring)

@: no status effects
A: sickness immunity, AC +5, negative energy resistance 1, electricity
resistance, torment resistance 1, petrification resistance
a: Renounce Religion


You were on level 5 of the Dungeon.
You worshipped Vehumet.
Vehumet was noncommittal.
You visited 2 branches of the dungeon, and saw 6 of its levels.

You collected 256 gold pieces.

Inventory:

Hand Weapons
 d - a +0 whip
 e - a +2 mace (weapon)
Armour
 a - a +0 robe
 f - a +0 leather armour
 m - the +1 robe of the Skies Above (worn) {rN+}
   (You found it on level 5 of the Dungeon)

   rN:        It protects you from negative energy.
 n - a +0 pair of boots (worn)
Jewellery
 i - a ring of protection from fire (left hand)
 o - an amulet of the acrobat
Wands
 r - a wand of paralysis (8)
Scrolls
 b - 2 scrolls of blinking
 q - a scroll of silence {unknown}
Potions
 c - a potion of might
 h - a potion of brilliance
 j - 3 potions of curing
 k - 2 potions of lignification
 l - 2 potions of attraction
 p - a potion of flight {unknown}
 s - a potion of degeneration {unknown}


   Skills:
 + Level 1.2 Fighting
 + Level 2.6 Maces & Flails
 + Level 2.4 Dodging
 - Level 2.1 Stealth
 + Level 4.9 Spellcasting
 + Level 5.0 Conjurations
 + Level 5.7 Fire Magic


You had 5 spell levels left.
You knew the following spells:

 Your Spells              Type           Power      Damage    Failure   Level
a - Foxfire               Conj/Fire      92%        2x1d8     1%          1
b - Sticky Flame          Conj/Fire      23%        2d4       14%         4
c - Magic Dart            Conj           88%        1d7       1%          1
d - Fireball              Conj/Fire      11%        3d7       38%         5

Your spell library contained the following spells:

 Spells                   Type           Power      Damage    Failure   Level
 Conjure Flame            Conj/Fire      23%        6-21      4%          3
 Inner Flame              Hex/Fire       14%        N/A       12%         3
 Summon Small Mammal      Summ           16%        N/A       14%         1
 Blink                    Tloc           N/A        N/A       21%         2
 Call Imp                 Summ           4%         N/A       21%         2
 Slow                     Hex            4%         N/A       21%         2
 Mephitic Cloud           Conj/Pois/Air  10%        N/A       21%         3
 Call Canine Familiar     Summ           4%         N/A       38%         3
 Summon Guardian Golem    Hex/Summ       4%         N/A       38%         3
 Summon Ice Beast         Ice/Summ       4%         N/A       80%         4
 Summon Lightning Spire   Summ/Air       4%         N/A       80%         4


Dungeon Overview and Level Annotations

Branches:
Dungeon (5/15)             Temple (1/1) D:5

Altars:
Ashenzari
Cheibriados
Dithmenos
Elyvilon
Fedhas
Gozag
Hepliaklqana
Kikubaaqudgha
Okawaru
Ru
Sif Muna
Trog
Uskayaw
Vehumet
Wu Jian
Xom
Yredelemnul
Zin
The Shining One


Innate Abilities, Weirdness & Mutations

You are immune to sickness and miasma.
Your stone body is resilient. (AC +5)
You are immune to poison.
You resist negative energy. (rN+)
You are resistant to electric shocks. (rElec)
You are resistant to unholy torment.
You are immune to petrification.


Message History

The troll bites you. The troll misses you. The troll claws you!
Casting: Foxfire (safe; 1% risk of failure)
Confirm with . or Enter, or press ? or * to list all spells.
You conjure some foxfire!
The foxfire hits the troll.
The troll is severely wounded.
The foxfire hits the troll.
The troll is severely wounded.
The troll bites you.
* * * LOW HITPOINT WARNING * * *
The troll barely misses you. The troll claws you but does no damage.
The foxfire hits the troll.
The troll is almost dead.
The foxfire hits the troll but does no damage.
The troll is almost dead.
The troll misses you. The troll claws you.
* * * LOW HITPOINT WARNING * * *
The troll closely misses you.
You feel much better. The troll bites you but does no damage.
The troll claws you. The troll claws you!
You sock the troll!
The troll is almost dead.
The troll barely misses you. The troll claws you! The troll closely misses you.
You barely miss the troll.
The troll is almost dead.
The troll barely misses you.
The troll claws you but does no damage. x2
You closely miss the troll.
The troll is almost dead.
The troll bites you.
* * * LOW HITPOINT WARNING * * *
The troll barely misses you. The troll claws you!
* * * LOW HITPOINT WARNING * * *
You feel much better. The troll misses you.
The troll claws you but does no damage. The troll claws you!
* * * LOW HITPOINT WARNING * * *
Casting: Foxfire (safe; 1% risk of failure)
Confirm with . or Enter, or press ? or * to list all spells.
You conjure some foxfire!
The troll bites you!
* * * LOW HITPOINT WARNING * * *
The troll closely misses you. The troll claws you.
You die...

#.#.........# #### #
#.....#####.# #. . #
########.....##....# #.
#.#
#............##.#..# #.
#.#
#.######.....##..<.###
#. #.#
##....#####...###.
..###.#
#...........#.##..
......#
#Tv#####.####.....
###### #@.# #.......#..
# #v.# ##......##.
######### #..#
#.#.......
#.........######..#
#......###
..................###
##.##.##
#.#############.....#
#. #.#
#.#############.....###
#. #.#
.......................
###############.....###


You could see a troll (ally target).

Vanquished Creatures
  A black bear (D:5)
  A sky beast (D:5)
  An ice beast (D:5)
  2 ogres
  A scorpion (D:5)
  A water moccasin skeleton (D:4)
  A jelly (D:4)
  2 centaur zombies (D:5)
  An orc priest (D:5)
  4 orc wizards
  Natasha (thrice) (D:3)
  4 gnolls (D:2)
  5 adders
  A worm (D:2)
  2 dart slugs
  10 orcs
  7 ball pythons
  6 endoplasms
  5 giant cockroaches
  7 hobgoblins
  2 iguanas
  7 jackals
  3 quokkas
  8 bats
  5 frilled lizards
  6 goblins
  5 kobolds
  5 rats
106 creatures vanquished.

Vanquished Creatures (collateral kills)
  A foxfire (D:1)
1 creature vanquished.

Vanquished Creatures (others)
  A giant cockroach (D:3)
  361 foxfires
362 creatures vanquished.

Grand Total: 469 creatures vanquished

Notes
Turn   | Place    | Note
-------+----------+-------------------------------------------
     0 | D:1      | funkygono the Gargoyle Fire Elementalist began the quest
                  | for the Orb.
     0 | D:1      | Reached XP level 1. HP: 10/10 MP: 3/3
   187 | D:1      | Reached XP level 2. HP: 9/15 MP: 0/5
  1141 | D:1      | Found a faded altar of an unknown god.
  1250 | D:1      | Reached XP level 3. HP: 10/19 MP: 2/6
  1654 | D:2      | Reached XP level 4. HP: 22/24 MP: 1/7
  2976 | D:2      | Learned a level 4 spell: Sticky Flame
  2978 | D:2      | Learned a level 1 spell: Magic Dart
  3156 | D:3      | Noticed Natasha
  3163 | D:3      | Killed Natasha
  3164 | D:3      | Reached XP level 5. HP: 24/28 MP: 3/9
  3997 | D:3      | Reached skill level 1 in Maces & Flails
  4007 | D:3      | Reached XP level 6. HP: 11/33 MP: 3/11
  4062 | D:3      | Noticed Natasha
  4071 | D:3      | Killed Natasha
  4317 | D:3      | Noticed Natasha
  4330 | D:3      | Killed Natasha
  4607 | D:3      | Learned a level 5 spell: Fireball
  4877 | D:4      | Found a shimmering altar of Xom.
  4904 | D:4      | Reached skill level 1 in Fighting
  4904 | D:4      | Reached XP level 7. HP: 38/38 MP: 7/13
  5642 | D:5      | Entered Level 5 of the Dungeon
  5708 | D:5      | Identified the +1 robe of the Skies Above {rN+}
  5719 | D:5      | Reached skill level 5 in Fire Magic
  5948 | D:5      | Reached XP level 8. HP: 43/43 MP: 10/15
  6122 | D:5      | Found a staircase to the Ecumenical Temple.
  6132 | Temple   | Entered the Ecumenical Temple
  6167 | Temple   | Became a worshipper of Vehumet
  6396 | D:5      | Noticed a troll
  6408 | D:5      | Reached skill level 5 in Conjurations
  6416 | D:5      | HP: 2/43 [troll (10)]
  6422 | D:5      | HP: 1/43 [troll (10)]
  6422 | D:5      | Slain by a troll

Illustrated notes

Levels and vault maps discovered:
D:1:      minmay_arrival_glassed_features, layout_loops_ring,
          shapermc_ecumenical_altar_mp_ritualfount, nrook_loot_triangle,
          st_stairs_6, minmay_indecisive_spiral
D:2:      layout_basic, ebering_dispersal_statue_hall,
          chequers_serial_rivers_marsh, grunt_ministairs_10, serial_park_tiny_1
D:3:      layout_loops_corners, lemuel_old_faithful, uniq_natasha
D:4:      layout_loops_cross, dk_xom_monty_hall
D:5:      layout_loops_ring, nemelex_spade_bored_becter,
          minmay_temple_entry_fiery, hangedman_decor_growths
Temple:   regret_index_temple_mists

Skill      XL: |  1  2  3  4  5  6  7  8 |
---------------+-------------------------+-----
Conjurations   | 2 3 4 5 |  5.0
Spellcasting   | 3 4 |  4.9
Fire Magic     | 4 5 |  5.7
Dodging        | 2 |  2.4
Maces & Flails | 1 2 |  2.6
Fighting       | 1 |  1.2
Stealth        | |  2.1

Action                   |  1- 3 |  4- 6 |  7- 9 || total
-------------------------+-------+-------+-------++-------
Melee: Unarmed           |    18 |       |       ||    18
       Mace              |    19 |    46 |    45 ||   110
       Whip              |     6 |       |       ||     6
 Cast: Foxfire           |    51 |   107 |    60 ||   218
       Sticky Flame      |       |       |     1 ||     1
  Use: Scroll            |     4 |     4 |     3 ||    11
       Potion            |       |       |     2 ||     2
Armor: Robe              |    13 |    29 |    48 ||    90
Dodge: Dodged            |    34 |    36 |    48 ||   118

Table legend: (Time is in decaauts)
 A = Elapsed time spent in this place.
 B = Non-inter-level travel time spent in this place.
 C = Inter-level travel time spent in this place.
 D = Time resting spent in this place.
 E = Time spent auto-exploring this place.
 F = Levels seen in this place.
 G = Mean time per level.
                   A        B        C        D        E       F      G
               +--------+--------+--------+--------+--------+-----+--------+
         Total |   6515 |   6389 |    126 |    178 |   5325 |   6 | 1085.8 |
       Dungeon |   6305 |   6202 |    103 |    178 |   5143 |   5 | 1261.0 |
        Temple |    210 |    187 |     23 |      0 |    182 |   1 |  210.0 |
               +--------+--------+--------+--------+--------+-----+--------+

Top non-repeatable levels by time:
     D:3: 1681 daAuts
     D:2: 1536 daAuts
     D:1: 1457 daAuts
     D:4: 1002 daAuts
     D:5: 627 daAuts
  Temple: 210 daAuts
